| TOP OF THE 1ST |
|
Scranton WB RailRiders batting - Pitching for Omaha Storm Chasers : RHP Ken Hall
|
|
Pitching: RHP Ken Hall
|
|
|
Batting: RHB Devon Utley
|
0-0: Ground out 6-3 (Groundball, 6S, EV 88.1 MPH)
|
|
Batting: LHB Aaron Joyner
|
0-0: Called Strike 0-1: Swinging Strike 0-2: Ball 1-2: Foul Ball, location: 2F 1-2: Foul Ball, location: 2F 1-2: Ball 2-2: Strikes out looking
|
|
Batting: SHB Ryan Buchbinder
|
0-0: Foul Ball, location: 2F 0-1: Called Strike 0-2: Foul Ball, location: 2F 0-2: Strikes out looking
|
| Top of the 1st over - 0 runs, 0 hits, 0 errors, 0 left on base; Scranton WB 0 - Omaha 0 |
| BOTTOM OF THE 1ST |
|
Omaha Storm Chasers batting - Pitching for Scranton WB RailRiders : RHP Devon Wiley
|
|
Pitching: RHP Devon Wiley
|
|
|
Batting: LHB Willie Gutierrez
|
0-0: Ball 1-0: SINGLE (Line Drive, 78S, EV 103.8 MPH)
|
|
Batting: RHB Walt Cogswell
|
0-0: Ball 1-0: Ball 2-0: Ball 3-0: Called Strike 3-1: Called Strike 3-2: Base on Balls Willie Gutierrez to second
|
|
Batting: LHB Shigeru Ono
|
0-0: Ball 1-0: Ball 2-0: Ball 3-0: Base on Balls Willie Gutierrez to third Walt Cogswell to second
|
|
Batting: SHB Francisco Gutierrez
|
0-0: Foul Ball, location: 2F 0-1: Ball 1-1: Called Strike 1-2: Strikes out swinging
|
|
Batting: RHB Danny Weisse
|
0-0: Ball 1-0: Ball 2-0: Fly out, F9 (Line Drive, 9S, EV 94.4 MPH) Runner from 3rd tags up, SCORES, throw by RF Walt Cogswell to third
|
|
Now in CF: Joe Fure
|
|
|
Now in RF: Aaron Joyner
|
|
|
Batting: RHB Yuichi Takata
|
0-0: Ball 1-0: Ball 2-0: Ball 3-0: Called Strike 3-1: SINGLE (Groundball, 34D, EV 100.6 MPH) Walt Cogswell scores Shigeru Ono to second Runner from 2nd tries for 3rd, SAFE, throw by RF made to third
|
|
Batting: SHB Arturo Baez
|
0-0: Called Strike 0-1: Ball 1-1: Ball 2-1: Called Strike Yuichi Takata steals 2nd base 2-2: Ground out 4-3 (Groundball, 4, EV 91.9 MPH)
|
| Bottom of the 1st over - 2 runs, 2 hits, 0 errors, 2 left on base; Scranton WB 0 - Omaha 2 |
| TOP OF THE 2ND |
|
Scranton WB RailRiders batting - Pitching for Omaha Storm Chasers : RHP Ken Hall
|
|
Batting: LHB Dan Morris
|
0-0: Ball 1-0: Foul Ball, location: 2F 1-1: Foul Ball, location: 2F 1-2: Strikes out swinging, 2-3 out at first.
|
|
Batting: LHB Jose Lebron
|
0-0: Foul Ball, location: 2F 0-1: Called Strike 0-2: Strikes out swinging
|
|
Batting: RHB Andy Wasierski
|
0-0: Ball 1-0: Ball 2-0: Swinging Strike 2-1: Called Strike 2-2: Foul Ball, location: 2F 2-2: Ball 3-2: SINGLE (Flyball, 78S, EV 91.2 MPH)
|
|
Batting: SHB Jose Vargas
|
0-0: Ball Andy Wasierski is caught stealing 2nd base 2-6
|
| Top of the 2nd over - 0 runs, 1 hit, 0 errors, 0 left on base; Scranton WB 0 - Omaha 2 |
| BOTTOM OF THE 2ND |
|
Omaha Storm Chasers batting - Pitching for Scranton WB RailRiders : RHP Devon Wiley
|
|
Batting: SHB Jared O'Connor
|
0-0: Foul Ball, location: 2F 0-1: Ball 1-1: Fly out, F9 (Flyball, 9, EV 90.0 MPH)
|
|
Batting: RHB Jason Birge
|
0-0: Ball 1-0: Foul Ball, location: 2F 1-1: Ball 2-1: Ball 3-1: Ground out 2-3 (Groundball, 2R, EV 67.5 MPH)
|
|
Batting: LHB Willie Gutierrez
|
0-0: Foul Ball, location: 2F 0-1: Ball 1-1: Foul Ball, location: 2F 1-2: Fly out, F8 (Flyball, 89M, EV 76.2 MPH)
|
| Bottom of the 2nd over - 0 runs, 0 hits, 0 errors, 0 left on base; Scranton WB 0 - Omaha 2 |
| TOP OF THE 3RD |
|
Scranton WB RailRiders batting - Pitching for Omaha Storm Chasers : RHP Ken Hall
|
|
Batting: SHB Jose Vargas
|
0-0: Foul Ball, location: 2F 0-1: Swinging Strike 0-2: SINGLE (Groundball, 34D, EV 95.0 MPH)
|
|
Batting: RHB Josh Zoglmann
|
0-0: Called Strike 0-1: Swinging Strike 0-2: Ball 1-2: Ball 2-2: Strikes out swinging
|
|
Batting: SHB Joe Fure
|
0-0: Called Strike 0-1: SINGLE (Groundball, 25, EV 64.4 MPH) (infield hit) Jose Vargas to second
|
|
Batting: RHB Devon Utley
|
0-0: Ball 1-0: Called Strike 1-1: Ball 2-1: Foul Ball, location: 2F 2-2: SINGLE (Groundball, 56D, EV 110.0 MPH) Jose Vargas to third Joe Fure to second Runner from 3rd tries for Home, SAFE, throw by LF to home
|
|
Batting: LHB Aaron Joyner
|
0-0: Fielders Choice at 2nd, 5-4 (Groundball, 5, EV 103.8 MPH) Joe Fure to third
|
|
Batting: SHB Ryan Buchbinder
|
0-0: Ball 1-0: Ball 2-0: Called Strike 2-1: Ground out U3 (Groundball, 3, EV 102.5 MPH)
|
| Top of the 3rd over - 1 run, 3 hits, 0 errors, 2 left on base; Scranton WB 1 - Omaha 2 |
| BOTTOM OF THE 3RD |
|
Omaha Storm Chasers batting - Pitching for Scranton WB RailRiders : RHP Devon Wiley
|
|
Batting: RHB Walt Cogswell
|
0-0: Foul Ball, location: 2F 0-1: Ball 1-1: Ground out 6-3 (Groundball, 6, EV 90.0 MPH)
|
|
Batting: LHB Shigeru Ono
|
0-0: Foul Ball, location: 2F 0-1: Called Strike 0-2: Strikes out looking
|
|
Batting: SHB Francisco Gutierrez
|
0-0: Ball 1-0: Fly out, F8 (Line Drive, 8RS, EV 91.9 MPH)
|
| Bottom of the 3rd over - 0 runs, 0 hits, 0 errors, 0 left on base; Scranton WB 1 - Omaha 2 |
| TOP OF THE 4TH |
|
Scranton WB RailRiders batting - Pitching for Omaha Storm Chasers : RHP Ken Hall
|
|
Batting: LHB Dan Morris
|
0-0: Foul Ball, location: 2F 0-1: Swinging Strike 0-2: Ball 1-2: Ground out 4-3 (Groundball, 4M, EV 86.9 MPH)
|
|
Batting: LHB Jose Lebron
|
0-0: Called Strike 0-1: Ball 1-1: Called Strike 1-2: Strikes out swinging
|
|
Batting: RHB Andy Wasierski
|
0-0: Ball 1-0: SINGLE (Groundball, 6MD, EV 103.8 MPH)
|
|
Batting: SHB Jose Vargas
|
0-0: Ball Andy Wasierski steals 2nd base 1-0: Foul Ball, location: 2F 1-1: Foul Ball, location: 2F 1-2: SINGLE (Line Drive, 6M, EV 103.8 MPH) Andy Wasierski to third Runner from 3rd tries for Home, SAFE, throw by CF to home
|
|
Batting: RHB Josh Zoglmann
|
Pickoff Throw to First - Out! 1-3
|
| Top of the 4th over - 1 run, 2 hits, 0 errors, 0 left on base; Scranton WB 2 - Omaha 2 |
| BOTTOM OF THE 4TH |
|
Omaha Storm Chasers batting - Pitching for Scranton WB RailRiders : RHP Devon Wiley
|
|
Batting: RHB Danny Weisse
|
0-0: Foul Ball, location: 2F 0-1: Swinging Strike 0-2: Strikes out swinging
|
|
Batting: RHB Yuichi Takata
|
0-0: Foul Ball, location: 2F 0-1: Called Strike 0-2: Foul Ball, location: 2F 0-2: Ball 1-2: Strikes out looking
|
|
Batting: SHB Arturo Baez
|
0-0: SINGLE (Groundball, 5S, EV 60.6 MPH) (infield hit)
|
|
Batting: SHB Jared O'Connor
|
0-0: Fielders Choice at 2nd, 5-4 (Groundball, 56, EV 101.9 MPH)
|
| Bottom of the 4th over - 0 runs, 1 hit, 0 errors, 1 left on base; Scranton WB 2 - Omaha 2 |
| TOP OF THE 5TH |
|
Scranton WB RailRiders batting - Pitching for Omaha Storm Chasers : RHP Ken Hall
|
|
Batting: RHB Josh Zoglmann
|
0-0: Ball 1-0: Ball 2-0: Ball 3-0: Called Strike 3-1: Foul Ball, location: 2F 3-2: SINGLE (Groundball, 6MS, EV 72.5 MPH) (infield hit)
|
|
Batting: SHB Joe Fure
|
0-0: Ball Josh Zoglmann steals 2nd base 1-0: Ball 2-0: Foul Ball, location: 2F 2-1: Ball 3-1: Called Strike 3-2: Strikes out swinging
|
|
Batting: RHB Devon Utley
|
0-0: Ball 1-0: Ball 2-0: Fly out, F6 (Popup, 6MD, EV 62.5 MPH)
|
|
Batting: LHB Aaron Joyner
|
0-0: Called Strike 0-1: Foul Ball, location: 2F 0-2: Ball 1-2: Ball 2-2: Ball 3-2: Fly out, F7 (Flyball, 7LS, EV 91.9 MPH)
|
| Top of the 5th over - 0 runs, 1 hit, 0 errors, 1 left on base; Scranton WB 2 - Omaha 2 |
| BOTTOM OF THE 5TH |
|
Omaha Storm Chasers batting - Pitching for Scranton WB RailRiders : RHP Devon Wiley
|
|
Batting: RHB Jason Birge
|
0-0: Ball 1-0: Ball 2-0: Ball 3-0: Called Strike 3-1: Foul Ball, location: 2F 3-2: Foul Ball, location: 2F 3-2: Fly out, F4 (Line Drive, 4M, EV 75.0 MPH)
|
|
Batting: LHB Willie Gutierrez
|
0-0: Ball 1-0: Ball 2-0: Ball 3-0: Called Strike 3-1: Foul Ball, location: 2F 3-2: SINGLE (Groundball, 6MD, EV 100.6 MPH)
|
|
Batting: RHB Walt Cogswell
|
0-0: Foul Ball, location: 2F 0-1: Foul Ball, location: 2F 0-2: Ball 1-2: Ball 2-2: Strikes out swinging
|
|
Batting: LHB Shigeru Ono
|
0-0: Ball 1-0: Foul Ball, location: 2F 1-1: Fly out, F8 (Flyball, 78M, EV 95.6 MPH)
|
| Bottom of the 5th over - 0 runs, 1 hit, 0 errors, 1 left on base; Scranton WB 2 - Omaha 2 |
| TOP OF THE 6TH |
|
Scranton WB RailRiders batting - Pitching for Omaha Storm Chasers : RHP Ken Hall
|
|
Batting: SHB Ryan Buchbinder
|
0-0: Ball 1-0: Ball 2-0: Called Strike 2-1: Called Strike 2-2: Ball 3-2: Base on Balls
|
|
Batting: LHB Dan Morris
|
0-0: Called Strike 0-1: Grounds into double play, 4-6-3 (Groundball, 4S, EV 87.5 MPH)
|
|
Batting: LHB Jose Lebron
|
0-0: Called Strike 0-1: Fly out, F9 (Line Drive, 89M, EV 97.5 MPH)
|
| Top of the 6th over - 0 runs, 0 hits, 0 errors, 0 left on base; Scranton WB 2 - Omaha 2 |
| BOTTOM OF THE 6TH |
|
Omaha Storm Chasers batting - Pitching for Scranton WB RailRiders : RHP Devon Wiley
|
|
Batting: SHB Francisco Gutierrez
|
0-0: Ball 1-0: Swinging Strike 1-1: Ball 2-1: Foul Ball, location: 2F 2-2: Foul Ball, location: 2F 2-2: Foul Ball, location: 2F 2-2: SINGLE (Line Drive, 8LS, EV 105.0 MPH)
|
|
Pitching: RHP Whitney Batten
|
|
|
Batting: RHB Danny Weisse
|
0-0: Called Strike Francisco Gutierrez steals 2nd base (no throw) 0-1: Ball 1-1: Swinging Strike 1-2: Ball 2-2: Ball 3-2: Foul Ball, location: 2F 3-2: Base on Balls
|
|
Batting: RHB Yuichi Takata
|
0-0: Ball 1-0: Ball 2-0: Called Strike 2-1: SINGLE (Groundball, 34S, EV 72.5 MPH) (infield hit) Francisco Gutierrez to third Danny Weisse to second
|
|
Batting: SHB Arturo Baez
|
0-0: Swinging Strike 0-1: Foul Ball, location: 2F 0-2: SINGLE (Groundball, 4MD, EV 110.0 MPH) Francisco Gutierrez scores Danny Weisse to third Yuichi Takata to second
|
|
Batting: SHB Jared O'Connor
|
0-0: Ball 1-0: Swinging Strike 1-1: Called Strike 1-2: Ball 2-2: Ball 3-2: Foul Ball, location: 2F 3-2: SINGLE (Line Drive, 56, EV 103.8 MPH) Danny Weisse scores Yuichi Takata to third Arturo Baez to second Runner from 3rd tries for Home, SAFE, throw by LF to home
|
|
Batting: RHB Jason Birge
|
0-0: Foul Ball, location: 2F 0-1: Called Strike 0-2: SINGLE (Line Drive, 7S, EV 96.9 MPH) Arturo Baez to third Jared O'Connor to second
|
|
Batting: LHB Willie Gutierrez
|
0-0: Ball 1-0: Called Strike 1-1: Fly out, F8 (Flyball, 8LM, EV 87.5 MPH)
|
|
Batting: RHB Walt Cogswell
|
0-0: Foul Ball, location: 2F 0-1: Foul Ball, location: 2F 0-2: Strikes out swinging
|
|
Batting: LHB Shigeru Ono
|
0-0: Ball 1-0: Swinging Strike 1-1: Foul Ball, location: 2F 1-2: Ground out 2-3 (Groundball, 2R, EV 70.0 MPH)
|
| Bottom of the 6th over - 3 runs, 5 hits, 0 errors, 3 left on base; Scranton WB 2 - Omaha 5 |
| TOP OF THE 7TH |
|
Scranton WB RailRiders batting - Pitching for Omaha Storm Chasers : RHP Ken Hall
|
|
Batting: RHB Andy Wasierski
|
0-0: Called Strike 0-1: Ball 1-1: Foul Ball, location: 2F 1-2: Foul Ball, location: 2F 1-2: SINGLE (Line Drive, 78S, EV 108.1 MPH)
|
|
Pitching: RHP Rich Frontczak
|
|
|
Batting: SHB Jose Vargas
|
0-0: Called Strike Andy Wasierski steals 2nd base (no throw) 0-1: Fly out, F8 (Flyball, 8LM, EV 85.0 MPH)
|
|
Batting: RHB Josh Zoglmann
|
0-0: Ball Andy Wasierski steals 3rd base 1-0: Ball 2-0: Ball 3-0: Base on Balls
|
|
Batting: SHB Joe Fure
|
0-0: Ball 1-0: Called Strike 1-1: Swinging Strike 1-2: Ball 2-2: Foul Ball, location: 2F 2-2: Foul Ball, location: 2F 2-2: Foul Ball, location: 2F 2-2: Strikes out swinging
|
|
Batting: RHB Devon Utley
|
0-0: Called Strike 0-1: Foul Ball, location: 2F 0-2: Ball 1-2: Strikes out swinging
|
| Top of the 7th over - 0 runs, 1 hit, 0 errors, 2 left on base; Scranton WB 2 - Omaha 5 |
| BOTTOM OF THE 7TH |
|
Omaha Storm Chasers batting - Pitching for Scranton WB RailRiders : RHP Whitney Batten
|
|
Pitching: RHP Johnny Marquez
|
|
|
Batting: SHB Francisco Gutierrez
|
0-0: Called Strike 0-1: Called Strike 0-2: Foul Ball, location: 2F 0-2: Ground out 6-3 (Groundball, 6, EV 100.0 MPH)
|
|
Batting: RHB Danny Weisse
|
0-0: Called Strike 0-1: Ball 1-1: Ball 2-1: Ball 3-1: Called Strike 3-2: Base on Balls
|
|
Batting: RHB Yuichi Takata
|
0-0: Called Strike 0-1: Ball 1-1: Foul Ball, location: 2F 1-2: Grounds into double play, 6-4-3 (Groundball, 6, EV 96.9 MPH)
|
| Bottom of the 7th over - 0 runs, 0 hits, 0 errors, 0 left on base; Scranton WB 2 - Omaha 5 |
| TOP OF THE 8TH |
|
Scranton WB RailRiders batting - Pitching for Omaha Storm Chasers : RHP Rich Frontczak
|
|
Batting: LHB Aaron Joyner
|
0-0: Swinging Strike 0-1: Foul Ball, location: 2F 0-2: Ground out 4-3 (Groundball, 4, EV 91.2 MPH)
|
|
Batting: SHB Ryan Buchbinder
|
0-0: SOLO HOME RUN (Flyball, 9D, EV 99.4 MPH), Distance : 395 ft
|
|
Batting: LHB Dan Morris
|
0-0: Ball 1-0: Foul Ball, location: 2F 1-1: Called Strike 1-2: Ball 2-2: Ball 3-2: Base on Balls
|
|
Batting: LHB Jose Lebron
|
0-0: Ball 1-0: Called Strike 1-1: Ball 2-1: Swinging Strike 2-2: Ball 3-2: Base on Balls Dan Morris to second
|
|
Pitching: RHP Brandon Ferrari
|
|
|
Pinch Hitting: LHB Paul Diaz
|
0-0: Called Strike 0-1: Ball 1-1: Ball 2-1: Fly out, F7 (Flyball, 7LM, EV 103.8 MPH) Runner from 2nd tags up, SAFE at 3rd with throw by LF
|
|
Batting: SHB Jose Vargas
|
0-0: Swinging Strike 0-1: Ball 1-1: Swinging Strike 1-2: Ball 2-2: Foul Ball, location: 2F 2-2: Ball 3-2: Foul Ball, location: 2F 3-2: Foul Ball, location: 2F 3-2: Base on Balls Jose Lebron to second
|
|
Pinch Hitting: SHB Mukhtar Wa'il
|
0-0: Hit by Pitch Dan Morris scores Jose Lebron to third Jose Vargas to second
|
|
Batting: SHB Joe Fure
|
0-0: Foul Ball, location: 2F 0-1: Foul Ball, location: 2F 0-2: Ball 1-2: Fielders Choice at 2nd, 6-4 (Groundball, 6, EV 91.9 MPH)
|
| Top of the 8th over - 2 runs, 1 hit, 0 errors, 3 left on base; Scranton WB 4 - Omaha 5 |
| BOTTOM OF THE 8TH |
|
Omaha Storm Chasers batting - Pitching for Scranton WB RailRiders : RHP Johnny Marquez
|
|
Now at 2B: Paul Diaz
|
|
|
Now at SS: Jordan Barragan
|
|
|
Batting: SHB Arturo Baez
|
0-0: Ball 1-0: Ball 2-0: SINGLE (Groundball, 4MD, EV 95.0 MPH)
|
|
Batting: SHB Jared O'Connor
|
0-0: Ball 1-0: Bunted foul 1-1: Sac Bunt to 3S - play at first, batter OUT! 3-4 Arturo Baez to second
|
|
Batting: RHB Jason Birge
|
0-0: Foul Ball, location: 2F 0-1: Swinging Strike 0-2: Strikes out swinging
|
|
Batting: LHB Willie Gutierrez
|
0-0: Fly out, F8 (Line Drive, 8LD, EV 90.0 MPH)
|
| Bottom of the 8th over - 0 runs, 1 hit, 0 errors, 1 left on base; Scranton WB 4 - Omaha 5 |
| TOP OF THE 9TH |
|
Scranton WB RailRiders batting - Pitching for Omaha Storm Chasers : RHP Brandon Ferrari
|
|
Pitching: RHP Kevin Fleming
|
|
|
Batting: RHB Devon Utley
|
0-0: Called Strike 0-1: Swinging Strike 0-2: Ball 1-2: Ball 2-2: Strikes out swinging
|
|
Batting: LHB Aaron Joyner
|
0-0: Foul Ball, location: 2F 0-1: Foul Ball, location: 2F 0-2: Ball 1-2: Ball 2-2: Ball 3-2: Foul Ball, location: 2F 3-2: Base on Balls
|
|
Batting: SHB Ryan Buchbinder
|
0-0: Called Strike 0-1: Foul Ball, location: 2F 0-2: Strikes out swinging
|
|
Batting: LHB Dan Morris
|
0-0: Ball 1-0: Ball 2-0: Called Strike 2-1: Swinging Strike 2-2: Ball 3-2: Foul Ball, location: 2F 3-2: Base on Balls Aaron Joyner to second
|
|
Batting: LHB Jose Lebron
|
0-0: Ball 1-0: Called Strike 1-1: Ball 2-1: SINGLE (Line Drive, 5D, EV 99.4 MPH) Aaron Joyner to third Dan Morris to second
|
|
Batting: LHB Paul Diaz
|
0-0: Foul Ball, location: 2F 0-1: Ball 1-1: Ball 2-1: Foul Ball, location: 2F 2-2: Foul Ball, location: 2F 2-2: Ball 3-2: Fly out, F7 (Flyball, 7D, EV 88.1 MPH)
|
| Top of the 9th over - 0 runs, 1 hit, 0 errors, 3 left on base; Scranton WB 4 - Omaha 5 |
|